 Dungeon Crawl Stone Soup version 0.27.1-3-gb3d3a73c9e (webtiles) character file.

Game seed: 2724644337651217873

3023 saltiestKirin the Vexing (level 9, -1/68 HPs)
             Began as a Gnoll Arcane Marksman on Oct 24, 2021.
             Was a Follower of Vehumet.
             Slain by a killer bee (4 damage)
             ... on level 7 of the Dungeon on Oct 25, 2021.
             The game lasted 01:41:50 (11713 turns).

saltiestKirin the Vexing (Gnoll Arcane Marksman)   Turns: 11713, Time: 01:41:53

Health: -1/68      AC: 14    Str:  9    XL:     9   Next: 85%
Magic:  17/17      EV: 13    Int: 16    God:    Vehumet [*.....]
Gold:   148        SH:  0    Dex: 19    Spells: 14/19 levels left

rFire    . . .     SeeInvis .   o - +2 short sword (spect)
rCold    . . .     Faith    .   (no shield)
rNeg     . . .     Spirit   .   Q - +2 ring mail {rPois}
rPois    +         Reflect  .   I - +1 helmet
rElec    .         Harm     .   K - +0 cloak
rCorr    +         Rampage  .   (no gloves)
Will     .....                  k - +2 pair of boots
Stlth    ++........             (no amulet)
HPRegen  0.21/turn              m - ring of resist corrosion
MPRegen  0.15/turn              i - +6 ring of dexterity

@: no status effects
A: fangs 1, strong nose, distributed training
a: Renounce Religion


You were on level 7 of the Dungeon.
You worshipped Vehumet.
Vehumet was aware of your devotion.
You visited 2 branches of the dungeon, and saw 8 of its levels.

You collected 368 gold pieces.
You spent 220 gold pieces at shops.

Inventory:

Hand Weapons
 a - a +0 hunting sling
 h - a +0 shortbow
 l - a +0 short sword of electrocution
 o - a +2 spectral short sword (weapon)
 w - a +2 morningstar of holy wrath
 z - a +0 falchion
 G - a +1 antimagic dagger
 N - a +0 halberd
 O - a +0 shortbow
Missiles
 b - 58 bolts
 c - 21 sling bullets
 f - 221 stones
 n - 3 atropa-tipped darts
 t - 5 javelins
 x - a throwing net
 B - 187 arrows
 F - 32 poisoned darts
Armour
 k - a +2 pair of boots (worn)
 A - a scarf of harm
 I - a +1 helmet (worn)
 K - a +0 cloak (worn)
 Q - a +2 ring mail of poison resistance (worn)
Magical Staves
 u - a staff of conjuration
Jewellery
 d - a ring of willpower
 e - a ring of magical power
 i - a +6 ring of dexterity (right hand)
 m - a ring of resist corrosion (left hand)
 p - a ring of flight
Wands
 s - a wand of mindburst (8)
 J - a wand of iceblast (7)
Scrolls
 j - 2 scrolls of holy word
 q - a scroll of acquirement {unknown}
 y - a scroll of amnesia
 D - 3 scrolls of magic mapping
 L - a scroll of noise {unknown}
 M - a scroll of immolation {unknown}


   Skills:
 + Level 5.4 Fighting
 + Level 4.6 Short Blades
 + Level 4.6 Long Blades
 + Level 4.6 Axes
 + Level 4.6 Maces & Flails
 + Level 4.6 Polearms
 + Level 4.6 Staves
 + Level 6.6 Slings
 + Level 4.6 Bows
 + Level 4.6 Crossbows
 + Level 4.6 Throwing
 + Level 4.6 Armour
 + Level 6.6 Dodging
 + Level 4.6 Stealth
 + Level 4.6 Shields
 + Level 4.6 Unarmed Combat
 + Level 5.5 Spellcasting
 + Level 3.8 Conjurations
 + Level 6.7 Hexes
 + Level 3.8 Summonings
 + Level 3.8 Necromancy
 + Level 3.8 Translocations
 + Level 3.8 Transmutations
 + Level 3.8 Fire Magic
 + Level 3.8 Ice Magic
 + Level 3.8 Air Magic
 + Level 3.8 Earth Magic
 + Level 3.8 Poison Magic
 + Level 5.1 Invocations
 + Level 4.6 Evocations


You had 14 spell levels left.
You knew the following spells:

 Your Spells              Type           Power      Damage    Failure   Level
a - Corona                Hex            28%        N/A       2%          1
b - Passwall              Tmut/Erth      13%        N/A       12%         2
c - Animate Skeleton      Necr           32%        N/A       8%          1
d - Shock                 Conj/Air       64%        1d7       8%          1

Your spell library contained the following spells:

 Spells                   Type           Power      Damage    Failure   Level
 Slow                     Hex            26%        N/A       3%          2
 Pain                     Necr           64%        1d7       8%          1
 Corpse Rot               Necr/Air       N/A        N/A       12%         2
 Sublimation of Blood     Necr           8%         N/A       12%         2
 Inner Flame              Hex/Fire       21%        N/A       12%         3
 Portal Projectile        Hex/Tloc       42%        N/A       12%         3
 Gell's Gravitas          Tloc           8%         N/A       22%         3
 Swiftness                Air            16%        N/A       22%         3
 Teleport Other           Tloc           16%        N/A       22%         3
 Vampiric Draining        Necr           8%         2d7       22%         3
 Cause Fear               Hex            13%        N/A       22%         4
 Dispel Undead            Necr           16%        3d10      58%         4
 Petrify                  Tmut/Erth      16%        N/A       58%         4
 Irradiate                Conj/Tmut      8%         3d16      91%         5
 Invisibility             Hex            13%        N/A       98%         6
 Death Channel            Necr           8%         N/A       100%        6
 Dispersal                Tloc           8%         N/A       100%        6


Dungeon Overview and Level Annotations

Branches:
Dungeon (7/15)             Temple (1/1) D:7

Altars:
Ashenzari
Cheibriados
Dithmenos
Elyvilon
Gozag
Hepliaklqana
Kikubaaqudgha
Makhleb
Nemelex Xobeh
Okawaru
Qazlal
Ru
Uskayaw
Vehumet
Wu Jian
Yredelemnul
Zin
The Shining One

Shops:
D:6 *   D:7 =

Annotations:
D:3 Natasha
D:7 1 transporter, om's ghost, novice KoEn


Innate Abilities, Weirdness & Mutations

You have very sharp teeth.
Your uncanny sense of smell can sniff out nearby items.
Your experience applies equally to all skills.


Message History

The killer bee barely misses you.
The killer bee stings you but does no damage.
The killer bee misses you. The killer bee closely misses you.
The killer bee stings you but does no damage.
The killer bee closely misses you.
You closely miss the killer bee.
You feel less invigorated.
You feel less confused. The killer bee barely misses you.
The killer bee stings you.
The killer bee stings you but does no damage.
The killer bee misses you. The killer bee stings you.
The killer bee barely misses you. The killer bee closely misses you.
The killer bee stings you but does no damage.
You are too injured to fight recklessly!
You are too injured to fight recklessly!
You are too injured to fight recklessly!
You completely miss the killer bee.
You bite the killer bee, but do no damage.
The killer bee misses you. The killer bee barely misses you.
The killer bee stings you. The killer bee barely misses you.
The killer bee stings you!
* * * LOW HITPOINT WARNING * * *
The killer bee closely misses you.
As you read the scroll of identify, it crumbles to dust.
D - 3 scrolls of magic mapping The killer bee seems to regain its courage.
The killer bee misses you.
The killer bee stings you but does no damage.
The killer bee misses you. The killer bee closely misses you.
The killer bee stings you but does no damage. x3
The killer bee stings you!
* * * LOW HITPOINT WARNING * * *
As you read the scroll labelled PIABU ATAFOVEM, it crumbles to dust.
It is a scroll of brand weapon.
Your +2 short sword of venom acquires a faint afterimage.
o - a +2 spectral short sword (weapon)
The killer bee barely misses you. The killer bee stings you.
* * * LOW HITPOINT WARNING * * *
The killer bee stings you but does no damage. x2
The killer bee closely misses you. The killer bee stings you.
You die...

#.)...#########..####>.
###..###.###.###.......
#..##...#...##.###### #####
#..##.#.#.####.# ####
#...####..##...#.y.##.# #...
#.........#)#.#.#.#.#.###.#.
#...#####.#..#...#y.#.......
##.## #.©#yy#.#.#.©#©†###.#
#.# #..#@y#...#..#.## #.#
#.# #..#y#.#.#.#(#.# #.# #.#
#..##y..#...##.# #.# #.#
#..##.#.###.##.# #.# #.#
#..##...#y..##.# #.# #.#
#..###.###!###.# #.# #.#
#...#########).# #.# #.#
#.#..###.###..## #.. #>#
#.#...........#####.#


You could see 5 killer bees.

Vanquished Creatures
  A boulder beetle (D:7)
  A centaur zombie (D:7)
  A water moccasin (D:7)
  A black bear (D:5)
  A sky beast (D:5)
  An ogre (D:5)
  2 centaurs
  2 kobold brigands (D:6)
  4 bullfrogs
  A scorpion (D:5)
  A wyvern skeleton (D:5)
  A jelly (D:6)
  7 killer bees (D:7)
  2 hounds (D:5)
  4 orc priests
  A centaur skeleton (D:6)
  4 iguanas
  4 orc wizards
  12 adders
  A river rat (D:3)
  3 ufetubi
  2 worms
  20 orcs
  8 endoplasms
  9 giant cockroaches
  3 goblins
  8 hobgoblins
  7 quokkas
  4 ball pythons
  4 bats
  5 frilled lizards (D:1)
  20 kobolds
  A quokka skeleton (D:4)
  3 rats
149 creatures vanquished.

Notes
Turn   | Place    | Note
-------+----------+-------------------------------------------
     0 | D:1      | saltiestKirin the Gnoll Arcane Marksman began the quest for
                  | the Orb.
     0 | D:1      | Reached XP level 1. HP: 17/17 MP: 4/4
   187 | D:1      | Reached XP level 2. HP: 19/23 MP: 5/5
   835 | D:1      | Reached XP level 3. HP: 28/28 MP: 7/7
  1578 | D:2      | Found a faded altar of an unknown god.
  1594 | D:2      | Became a worshipper of Uskayaw the Reveller
  1594 | D:2      | Reached * piety under Uskayaw
  1726 | D:2      | Reached skill level 1 in Invocations
  1829 | D:2      | Reached ** piety under Uskayaw
  1838 | D:2      | Reached skill level 1 in Short Blades
  1838 | D:2      | Reached skill level 1 in Long Blades
  1838 | D:2      | Reached skill level 1 in Axes
  1838 | D:2      | Reached skill level 1 in Maces & Flails
  1838 | D:2      | Reached skill level 1 in Polearms
  1838 | D:2      | Reached skill level 1 in Staves
  1838 | D:2      | Reached skill level 1 in Bows
  1838 | D:2      | Reached skill level 1 in Crossbows
  1838 | D:2      | Reached skill level 1 in Throwing
  1838 | D:2      | Reached skill level 1 in Armour
  1838 | D:2      | Reached skill level 1 in Stealth
  1838 | D:2      | Reached skill level 1 in Shields
  1838 | D:2      | Reached skill level 1 in Unarmed Combat
  1838 | D:2      | Reached skill level 1 in Evocations
  1930 | D:2      | Reached XP level 4. HP: 34/34 MP: 8/8
  2882 | D:3      | Learned a level 2 spell: Passwall
  3296 | D:3      | Reached skill level 1 in Conjurations
  3296 | D:3      | Reached skill level 1 in Summonings
  3296 | D:3      | Reached skill level 1 in Necromancy
  3296 | D:3      | Reached skill level 1 in Translocations
  3296 | D:3      | Reached skill level 1 in Transmutations
  3296 | D:3      | Reached skill level 1 in Fire Magic
  3296 | D:3      | Reached skill level 1 in Ice Magic
  3296 | D:3      | Reached skill level 1 in Air Magic
  3296 | D:3      | Reached skill level 1 in Earth Magic
  3296 | D:3      | Reached skill level 1 in Poison Magic
  3296 | D:3      | Reached *** piety under Uskayaw
  3478 | D:3      | Found a snail-covered altar of Cheibriados.
  3495 | D:3      | Noticed Natasha
  3793 | D:3      | Reached XP level 5. HP: 37/40 MP: 9/9
  5523 | D:3      | Reached XP level 6. HP: 35/47 MP: 10/10
  6199 | D:4      | Reached skill level 5 in Slings
  6199 | D:4      | Reached skill level 5 in Dodging
  6253 | D:4      | Reached **** piety under Uskayaw
  6477 | D:4      | Found a sacrificial altar of Ru.
  7036 | D:5      | Entered Level 5 of the Dungeon
  7040 | D:5      | Reached XP level 7. HP: 52/52 MP: 12/12
  8176 | D:5      | Reached XP level 8. HP: 41/60 MP: 14/14
  8404 | D:5      | Found an iron altar of Okawaru.
  8406 | D:5      | Found a hazy altar of Hepliaklqana.
  8406 | D:5      | Found a white marble altar of Elyvilon.
  8406 | D:5      | Found a burning altar of Makhleb.
  8419 | D:5      | Found a basalt altar of Yredelemnul.
  8419 | D:5      | Found a radiant altar of Vehumet.
  8505 | D:5      | Fell from the grace of Uskayaw
  8505 | D:5      | Became a worshipper of Vehumet
  8805 | D:6      | Learned a level 1 spell: Animate Skeleton
  8835 | D:6      | Found Myhuf's General Store.
  8846 | D:6      | Bought a scroll of identify for 22 gold pieces
  9875 | D:6      | Bought a +2 ring mail of poison resistance for 198 gold
                  | pieces
  9962 | D:7      | Reached XP level 9. HP: 54/66 MP: 14/16
 10038 | D:7      | Reached * piety under Vehumet
 10038 | D:7      | Offered knowledge of Shock by Vehumet.
 10039 | D:7      | Reached skill level 5 in Spellcasting
 10078 | D:7      | Learned a level 1 spell: Shock
 10080 | D:7      | Noticed om's ghost (novice KoEn)
 10177 | D:7      | Noticed a boulder beetle
 10188 | D:7      | HP: 2/67 [boulder beetle (5)]
 10197 | D:7      | Killed a boulder beetle
 10198 | D:7      | Reached skill level 5 in Fighting
 10198 | D:7      | Reached skill level 5 in Invocations
 10626 | D:7      | Found Kaboiw's Jewellery Boutique.
 10659 | D:7      | Found a transporter.
 10663 | D:7      | Found a transporter.
 10678 | D:7      | Found a staircase to the Ecumenical Temple.
 10700 | Temple   | Entered the Ecumenical Temple
 10938 | D:7      | Found a broken altar of Ashenzari.
 11713 | D:7      | HP: 3/68 [killer bee (6)]
 11713 | D:7      | Slain by a killer bee

Illustrated notes

Levels and vault maps discovered:
D:1:      grunt_arrival_crossed_arrows, layout_loops_ring,
          hangedman_glass_teeth, minmay_misc_feat_enclosed, due_unseen_surprise
D:2:      layout_basic, shapermc_ecumenical_altar_notcrosses,
          minmay_worlds_worst_comb
D:3:      layout_basic, mainiacjoe_overflow_small_starburst,
          gup_sewer_entry_bubbles, grunt_decor_junction, minmay_statues_item,
          uniq_natasha
D:4:      layout_cave_pools, mainiacjoe_overflow_alcove_4, grunt_ministairs_2,
          st_stairs_8
D:5:      layout_loops_corners, minmay_overflow_temple_hex
D:6:      layout_gridville, serial_shops, shop, patterned_corridor
D:7:      layout_loops_ring, nicolae_ashenzari_panopticon,
          minmay_temple_entry_statues, serial_shops, kennysheep_little_box,
          gammafunk_ghost_hive
Temple:   compressed_dpeg_triangle_lava_temple

Skill      XL: |  1  2  3  4  5  6  7  8  9 |
---------------+----------------------------+-----
Invocations    | 1 2 3 4 5 |  5.1
Short Blades   | 1 2 3 4 |  4.6
Long Blades    | 1 2 3 4 |  4.6
Axes           | 1 2 3 4 |  4.6
Maces & Flails | 1 2 3 4 |  4.6
Polearms       | 1 2 3 4 |  4.6
Staves         | 1 2 3 4 |  4.6
Bows           | 1 2 3 4 |  4.6
Crossbows      | 1 2 3 4 |  4.6
Throwing       | 1 2 3 4 |  4.6
Armour         | 1 2 3 4 |  4.6
Stealth        | 1 2 3 4 |  4.6
Shields        | 1 2 3 4 |  4.6
Unarmed Combat | 1 2 3 4 |  4.6
Evocations     | 1 2 3 4 |  4.6
Spellcasting   | 3 4 5 |  5.5
Conjurations   | 1 2 3 |  3.8
Summonings     | 1 2 3 |  3.8
Necromancy     | 1 2 3 |  3.8
Translocations | 1 2 3 |  3.8
Transmutations | 1 2 3 |  3.8
Fire Magic     | 1 2 3 |  3.8
Ice Magic      | 1 2 3 |  3.8
Air Magic      | 1 2 3 |  3.8
Earth Magic    | 1 2 3 |  3.8
Poison Magic   | 1 2 3 |  3.8
Fighting       | 3 4 5 |  5.4
Slings         | 5 6 |  6.6
Dodging        | 5 6 |  6.6
Hexes          | 6 |  6.7

Action                   |  1- 3 |  4- 6 |  7- 9 || total
-------------------------+-------+-------+-------++-------
Melee: Short sword       |    26 |   199 |   181 ||   406
       Bite              |     3 |    20 |    24 ||    47
       Morningstar       |       |     1 |    16 ||    17
       Punch             |       |     1 |     1 ||     2
 Fire: Hunting sling     |   108 |       |       ||   108
Throw: Stone             |       |     9 |       ||     9
       Javelin           |       |    14 |    39 ||    53
 Cast: Passwall          |       |     2 |     1 ||     3
       Corona            |       |       |     2 ||     2
       Shock             |       |       |    10 ||    10
       Animate Skeleton  |       |       |     2 ||     2
Invok: Stomp             |     1 |       |       ||     1
  Use: Potion            |       |     3 |     6 ||     9
       Scroll            |       |     2 |     6 ||     8
 Stab: Paralysed         |       |     2 |       ||     2
       Sleeping          |       |     1 |     1 ||     2
Armor: Robe              |     8 |       |       ||     8
       Ring mail         |    11 |    75 |   147 ||   233
Dodge: Dodged            |    53 |   124 |   229 ||   406
